 Dungeon Crawl Stone Soup version 0.20.0 (webtiles) character file.

153306 SpeedrunTech the Executioner (level 16, -3/165 HPs)
             Began as a Minotaur Berserker on June 11, 2017.
             Was a High Priest of Trog.
             Shot with a bolt by a naga sharpshooter (14 damage)
             ... on level 4 of the Snake Pit.
             The game lasted 00:17:57 (26553 turns).

SpeedrunTech the Executioner (Minotaur Berserker)  Turns: 26553, Time: 00:17:58

Health: -3/165     AC: 18    Str: 31    XL:     16   Next: 75%
Magic:  15/15      EV: 18    Int:  4    God:    Trog [*****.]
Gold:   1032       SH:  0    Dex: 14    Spells: 15/15 levels left

rFire    . . .     SeeInvis +   a - +9 battleaxe of Nijeuch {freeze, SInv}
rCold    . . .     Gourm    .   (shield currently unavailable)
rNeg     . . .     Faith    .   F - +0 swamp dragon scales
rPois    +         Spirit   .   (helmet restricted)
rElec    +         Reflect  .   o - +0 cloak
rCorr    .         Harm     .   P - +0 pair of gloves
MR       +++..                  y - +2 pair of boots
Stlth    +.........             B - amulet of magic regeneration
Regen    1.4/turn               g - ring "Komu" {rElec Str+3}
MPRegen  0.3/turn               q - +3 ring of dexterity

@: lethally poisoned (-3 -> -4), berserk cooldown, regenerating, slowed, very
slow
A: retaliatory headbutt, horns 2
}: 1/15 runes: decaying
a: Berserk, Trog's Hand, Brothers in Arms, Burn Spellbooks, Renounce Religion


You were on level 4 of the Snake Pit.
You worshipped Trog.
Trog was extremely pleased with you.
You were not hungry.

You visited 4 branches of the dungeon, and saw 27 of its levels.

You collected 1292 gold pieces.
You spent 260 gold pieces at shops.

Inventory:

Hand Weapons
 a - the +9 battleaxe of Nijeuch (weapon) {freeze, SInv}
   (Trog gifted it to you on level 11 of the Dungeon)

   It has been specially enchanted to freeze those struck by it, causing extra
   injury to most foes and up to half again as much damage against particularly
   susceptible opponents.
   It can also slow down cold-blooded creatures.
   It lets you see invisible.
 b - the +3 battleaxe of Mazouw {chop, rPois MR+ SInv Stlth-}
   (You found it on level 11 of the Dungeon)

   It inflicts extra damage upon your enemies.
   It protects you from poison.
   It affects your resistance to hostile enchantments.
   It lets you see invisible.
   It makes you less stealthy.
 i - a +2 battleaxe of freezing
 r - the +11 executioner's axe of Anxiety {protect, Str+5 Int-3}
   (You acquired it on level 5 of the Lair of Beasts)

   It protects the one who uses it against injury (+AC on strike).
   It affects your strength (+5).
   It affects your intelligence (-3).
 w - a +4 executioner's axe of electrocution
Armour
 l - a +1 plate armour
 o - a +0 cloak (worn)
 y - a +2 pair of boots (worn)
 F - +0 swamp dragon scales (worn)
 P - a +0 pair of gloves (worn)
 Q - a +0 plate armour
Jewellery
 g - the ring "Komu" (left hand) {rElec Str+3}
   (You found it on level 8 of the Dungeon)

   [ring of strength]

   It affects your strength (+3).
   It insulates you from electricity.
 q - a +3 ring of dexterity (right hand)
 B - an amulet of magic regeneration (around neck)
 N - an uncursed ring of see invisible
Wands
 n - a wand of digging (10/24)
 s - a wand of disintegration (13/24)
 u - a wand of lightning (13/15)
Scrolls
 e - 5 scrolls of recharging
 f - 4 scrolls of remove curse
 x - a scroll of fog
 z - 2 scrolls of enchant weapon
 C - a scroll of enchant armour
 E - 3 scrolls of magic mapping
 G - 2 scrolls of identify
 O - a scroll of fear {unknown}
Potions
 j - a potion of ambrosia
 k - a potion of resistance
 m - a potion of brilliance
 t - 2 potions of curing
 v - 4 potions of lignification {!q}
 A - a potion of might
 D - 2 potions of haste
 H - a potion of agility
 K - 3 potions of flight
 L - 2 potions of cancellation
 M - a potion of degeneration {unknown}
Books
 J - a book of Clouds

   Spells                             Type                      Level
   a - Poisonous Vapours              Poison/Air                   2
   b - Mephitic Cloud                 Conjuration/Poison/Air       3
   c - Conjure Flame                  Conjuration/Fire             3
   d - Freezing Cloud                 Conjuration/Ice/Air          6
   e - Ring of Flames                 Charms/Fire                  7
   Trog disapproves of the use of such an item.
Comestibles
 c - a meat ration
 d - 21 fruits
 h - 14 bread rations
 p - 6 royal jellies


   Skills:
 + Level 20.4 Fighting
 * Level 21.6 Axes
 - Level 13.2 Armour
 + Level 11.3 Dodging


You had 15 spell levels left.
You didn't know any spells.

Dungeon Overview and Level Annotations

Branches:
Dungeon (13/15)            Temple (0/1) D:6            Lair (6/6) D:8
  Swamp (4/4) Lair:2        Snake (4/4) Lair:3          Orc (0/2) D:9
 Vaults (0/5) D:13
  Slime: Lair:5-6

Altars:
Elyvilon
Hepliaklqana
Ru
The Shining One

Shops:
D:8 ?   D:9 %   Snake:2 (

Portals:
Ice
Cave: Snake:1

Annotations:
Lair:1 1 exclusion
Snake:3 Vashnia
Snake:4 exclusion: Roxanne, Roxanne


Innate Abilities, Weirdness & Mutations

You reflexively headbutt those who attack you in melee.
You have a pair of horns on your head.


Message History

You resist.
* * * LOW HITPOINT WARNING * * *
The nagaraja hits you but does no damage.
The naga mage barely misses you.
The naga mage mumbles some strange words.
The naga mage seems to speed up.
The nagaraja spits poison at you. The splash of poison misses you.
The nagaraja casts a spell at you. The poison arrow hits you!
You are more poisoned.
You partially resist.
* * * LOW HITPOINT WARNING * * *
Unknown command.
Okay, then.
You feel very sick.
The naga sharpshooter mumbles some strange words.
The naga sharpshooter magically shoots a bolt.
The bolt hits you!
You die...

..(.(....# ######...#
#.......# ...###...# . #...#
########
#...######......######..
.#####.......................
....[.......((()(..N().......
.#####.........)@N.NNNN...(..
#...#####....(NN........
#...# ###...N..#####.. #...#
######## . ##..# ##.# ### ...


You could see 2 naga warriors, 3 nagarajas, a naga sharpshooter, 2 naga magi and
a naga.

Vanquished Creatures
  Nikola (Snake:3)
  Kirke (Snake:1)
  3 thorn hunters
  A nagaraja (Snake:2)
  Aizul (Swamp:2)
  A fire dragon (Swamp:4)
  10 naga warriors
  2 ghost crabs
  12 hydras
  3 vault guards (D:13)
  9 alligators
  The ghost of SpeedrunTech the Severer, a novice MiBe of Trog (Lair:1)
  2 two-headed ogres
  8 anacondas
  3 centaur warriors
  8 naga sharpshooters
  5 shock serpents
  5 spriggans
  A fire crab (Swamp:4)
  2 unseen horrors
  A spriggan druid (Swamp:4)
  6 shambling mangroves
  5 swamp dragons
  4 naga ritualists
  2 necromancers (D:13)
  14 mana vipers
  An oklob plant (Lair:6)
  3 cyclopes
  3 salamanders
  An ugly thing (D:11)
  A manticore (D:13)
  Maurice (D:13)
  11 elephants
  2 guardian serpents
  8 naga magi
  17 black mambas
  17 spiny frogs
  5 komodo dragons
  3 rime drakes
  A troll (D:10)
  7 tyrant leeches
  18 hornets
  A merfolk (D:11)
  8 blink frogs (Lair:4)
  5 bog bodies
  7 hippogriffs
  9 slime creatures
  A shadow (Swamp:1)
  A vampire (D:9)
  37 yaks
  3 basilisks
  4 fire bats (Swamp:4)
  20 humans (D:13)
  Grum (Lair:1)
  2 steam dragons (Swamp:4)
  2 hungry ghosts
  35 vampire mosquitoes
  19 swamp worms
  24 insubstantial wisps
  32 nagas
  8 porcupines
  8 water moccasins
  2 phantoms
  10 swamp drakes
  A sky beast (D:7)
  2 orc warriors
  An ice beast (D:10)
  A black bear (D:10)
  A necrophage (D:9)
  2 ogres (D:8)
  6 centaurs
  13 wolves
  6 crocodiles
  2 big kobolds
  10 bullfrogs
  A gnoll sergeant (D:10)
  2 scorpions
  3 killer bees (D:9)
  10 wights
  A howler monkey (D:5)
  2 electric eels (D:10)
  A crimson imp (D:9)
  A centaur zombie (D:8)
  A quasit (D:13)
  2 centaur skeletons
  5 hounds
  3 orc priests
  2 bullfrog skeletons
  3 jellies
  11 orc wizards
  9 worker ants
  3 iguanas
  A hound zombie (D:8)
  A killer bee simulacrum (D:10)
  4 gnolls (D:10)
  5 adders
  2 shadow imps
  3 white imps (D:10)
  2 ufetubi (D:10)
  An ooze (D:2)
  An adder zombie (D:6)
  An adder skeleton (D:8)
  3 worms
  3 leopard geckos
  30 orcs
  3 giant cockroaches
  6 goblins (D:2)
  3 hobgoblins
  2 jackals
  16 kobolds
  6 bats
  A giant cockroach zombie (D:6)
  A quokka zombie (D:5)
  5 rats
  A briar patch (Swamp:2)
  A fungus (Lair:3)
  2 plants (Lair:3)
658 creatures vanquished.

Vanquished Creatures (collateral kills)
  A fire dragon (Swamp:4)
  4 hydras
  2 naga sharpshooters (Snake:4)
  6 swamp dragons (Swamp:4)
  A salamander (Snake:4)
  A black mamba (Snake:4)
  A spiny frog (Swamp:4)
  A hornet (Swamp:4)
  A slime creature (Swamp:1)
  A spriggan (Swamp:4)
  2 insubstantial wisps (Swamp:1)
  3 nagas (Snake:4)
  A water moccasin (Lair:6)
  3 swamp drakes
  An orc warrior (D:10)
  A wyvern simulacrum (D:10)
30 creatures vanquished.

Vanquished Creatures (others)
  2 lindwurms (Swamp:4)
  7 swamp drakes (Swamp:4)
  An orc wizard (D:3)
  2 briar patches (Swamp:2)
  3 fungi
  4 plants
19 creatures vanquished.

Grand Total: 707 creatures vanquished

Notes
Turn   | Place    | Note
-------+----------+-------------------------------------------
     0 | D:1      | SpeedrunTech the Minotaur Berserker began the quest for the Orb.
     0 | D:1      | Reached XP level 1. HP: 19/19 MP: 0/0
   173 | D:2      | Reached skill level 4 in Axes
   286 | D:2      | Reached XP level 2. HP: 25/27 MP: 1/1
   531 | D:2      | Reached XP level 3. HP: 10/33 MP: 2/2
   749 | D:2      | Reached skill level 5 in Axes
   821 | D:3      | Reached ** piety under Trog
   884 | D:3      | Reached XP level 4. HP: 14/40 MP: 3/3
  1224 | D:3      | Reached skill level 6 in Axes
  1544 | D:5      | Entered Level 5 of the Dungeon
  1569 | D:5      | Reached XP level 5. HP: 46/46 MP: 4/4
  1574 | D:5      | Reached skill level 7 in Axes
  2013 | D:6      | Noticed a phantom
  2016 | D:6      | Found a staircase to the Ecumenical Temple.
  2022 | D:6      | Reached skill level 8 in Axes
  2022 | D:6      | Reached XP level 6. HP: 41/52 MP: 5/5
  2052 | D:6      | Reached skill level 9 in Axes
  2432 | D:7      | Noticed a sky beast
  2440 | D:7      | Killed a sky beast
  2440 | D:7      | Reached XP level 7. HP: 60/60 MP: 6/6
  2445 | D:7      | Reached skill level 5 in Fighting
  2495 | D:8      | Found a sacrificial altar of Ru.
  2525 | D:8      | Reached *** piety under Trog
  2606 | D:8      | Found Carghuc's Magic Scroll Boutique.
  2611 | D:8      | Bought a scroll of identify for 20 gold pieces
  2712 | D:8      | Got a translucent pewter ring
  2720 | D:8      | Noticed a two-headed ogre
  2726 | D:8      | Killed a two-headed ogre
  2726 | D:8      | Reached skill level 10 in Axes
  2726 | D:8      | Reached XP level 8. HP: 30/73 MP: 7/7
  3080 | D:8      | Reached skill level 11 in Axes
  3488 | D:8      | Found a staircase to the Lair.
  3536 | D:8      | Noticed a hippogriff
  3542 | D:8      | Killed a hippogriff
  3542 | D:8      | Reached XP level 9. HP: 83/83 MP: 8/8
  3683 | D:8      | Reached skill level 12 in Axes
  3717 | D:8      | Identified the ring "Komu" {rElec Str+3} (You found it on level 8 of the Dungeon)
  4031 | D:9      | Reached skill level 10 in Fighting
  4095 | Lair:1   | Entered Level 1 of the Lair of Beasts
  4105 | Lair:1   | Noticed a rime drake
  4111 | Lair:1   | Killed a rime drake
  4211 | Lair:1   | Reached **** piety under Trog
  4256 | Lair:1   | Reached skill level 13 in Axes
  4280 | Lair:1   | Noticed SpeedrunTech's ghost (novice MiBe)
  4288 | Lair:1   | Killed SpeedrunTech's ghost
  4288 | Lair:1   | Reached XP level 10. HP: 96/96 MP: 9/9
  4428 | Lair:1   | Noticed Grum
  4442 | Lair:1   | Killed Grum
  4641 | Lair:1   | Reached skill level 14 in Axes
  5882 | Lair:1   | Noticed a spiny frog
  5890 | Lair:1   | Killed a spiny frog
  5968 | Lair:2   | Noticed a spiny frog
  5975 | Lair:2   | Killed a spiny frog
  6411 | Lair:2   | Reached skill level 15 in Axes
  6411 | Lair:2   | Reached XP level 11. HP: 107/107 MP: 10/10
  6923 | Lair:2   | Found a staircase to the Swamp.
  7601 | Lair:3   | Received a gift from Trog
  7645 | Lair:3   | Found a staircase to the Snake Pit.
  7658 | Lair:3   | Reached skill level 5 in Armour
  8444 | Lair:4   | Noticed a seven-headed hydra
  8451 | Lair:4   | Killed a ten-headed hydra
  8539 | Lair:4   | Reached skill level 16 in Axes
  9236 | Lair:4   | Reached XP level 12. HP: 117/118 MP: 11/11
  9981 | Lair:5   | Identified a scroll of acquirement
  9982 | Lair:5   | Got a fine executioner's axe
  9983 | Lair:5   | Identified the +11 executioner's axe of Anxiety {protect, Str+5 Int-3} (You acquired it on level 5 of the Lair of Beasts)
 10153 | Lair:5   | Noticed an eight-headed hydra
 10161 | Lair:5   | Killed an 11-headed hydra
 10161 | Lair:5   | Reached skill level 15 in Fighting
 10216 | Lair:5   | Noticed a six-headed hydra
 10224 | Lair:5   | Killed a ten-headed hydra
 10717 | Lair:5   | Noticed a five-headed hydra
 10726 | Lair:5   | Killed a nine-headed hydra
 11169 | Lair:6   | Entered Level 6 of the Lair of Beasts
 11373 | Lair:6   | Noticed a six-headed hydra
 11382 | Lair:6   | Reached skill level 17 in Axes
 11388 | Lair:6   | Killed a 12-headed hydra
 11388 | Lair:6   | Reached skill level 10 in Armour
 11676 | D:9      | Found a glowing golden altar of the Shining One.
 11715 | D:9      | Found Nuroseich's Food Shop.
 11726 | D:9      | Bought a bread ration for 60 gold pieces
 11726 | D:9      | Bought a bread ration for 60 gold pieces
 11726 | D:9      | Bought a bread ration for 60 gold pieces
 11726 | D:9      | Bought a bread ration for 60 gold pieces
 11916 | D:9      | Found a hazy altar of Hepliaklqana.
 12081 | D:9      | Found a staircase to the Orcish Mines.
 12103 | D:9      | Found a white marble altar of Elyvilon.
 12262 | D:9      | Reached XP level 13. HP: 66/127 MP: 12/12
 12442 | D:10     | Entered Level 10 of the Dungeon
 13281 | D:10     | Reached ***** piety under Trog
 14032 | D:11     | Received a gift from Trog
 14043 | D:11     | Got an ivory battleaxe {god gift}
 14044 | D:11     | Identified the +9 battleaxe of Nijeuch {freeze, SInv} (Trog gifted it to you on level 11 of the Dungeon)
 14307 | D:11     | Got a warped battleaxe
 14308 | D:11     | Identified the +3 battleaxe of Mazouw {chop, rPois MR+ SInv Stlth-} (You found it on level 11 of the Dungeon)
 14605 | D:13     | Reached skill level 18 in Axes
 14865 | D:13     | Noticed Maurice
 14875 | D:13     | Killed Maurice
 14926 | D:13     | Received a gift from Trog
 14947 | D:13     | Found a gate to the Vaults.
 15110 | D:13     | Reached XP level 14. HP: 130/139 MP: 13/13
 15428 | Swamp:1  | Entered Level 1 of the Swamp
 16588 | Swamp:1  | Reached skill level 19 in Axes
 16616 | Swamp:1  | Paralysed by a hornet for 3 turns
 17661 | Swamp:2  | Noticed a thorn hunter
 17664 | Swamp:2  | Received a gift from Trog
 17806 | Swamp:2  | Killed a thorn hunter
 18007 | Swamp:2  | Reached skill level 5 in Dodging
 18034 | Swamp:2  | Noticed a thorn hunter
 18040 | Swamp:2  | Killed a thorn hunter
 18352 | Swamp:2  | Noticed Aizul
 18376 | Swamp:2  | HP: 3/144 [seven-headed hydra (12)]
 18831 | Swamp:2  | Killed Aizul
 18831 | Swamp:2  | Reached XP level 15. HP: 145/150 MP: 14/14
 19369 | Swamp:2  | You fall through a shaft!
 20653 | Swamp:4  | Entered Level 4 of the Swamp
 21045 | Swamp:4  | HP: 15/152 [eight-headed hydra (13)]
 21046 | Swamp:4  | Reached skill level 20 in Axes
 21527 | Swamp:4  | Noticed a thorn hunter
 21532 | Swamp:4  | Killed a thorn hunter
 21945 | Swamp:4  | Got a decaying rune of Zot
 22452 | Snake:1  | Entered Level 1 of the Snake Pit
 22529 | Snake:1  | Noticed Kirke
 22535 | Snake:1  | Killed Kirke
 22623 | Snake:1  | Found a frozen archway.
 22897 | Snake:2  | Noticed a nagaraja
 22910 | Snake:2  | Killed a nagaraja
 23373 | Snake:2  | Found Fuaff's Weapon Emporium.
 23978 | Snake:2  | Reached XP level 16. HP: 125/162 MP: 15/15
 23997 | Snake:2  | HP: 20/243 [naga sharpshooter/bolt (7)]
 24334 | Snake:2  | Reached skill level 10 in Dodging
 24801 | Snake:3  | Noticed Nikola
 24810 | Snake:3  | Killed Nikola
 24814 | Snake:3  | Received a gift from Trog
 24946 | Snake:3  | Reached skill level 21 in Axes
 25227 | Snake:3  | Noticed Vashnia
 25496 | Snake:4  | Entered Level 4 of the Snake Pit
 25629 | Snake:4  | HP: 9/162 [naga sharpshooter/bolt (19)]
 26408 | Snake:4  | Noticed Roxanne
 26550 | Snake:4  | HP: 12/165 [nagaraja/whip (7)]
 26553 | Snake:4  | Shot with a bolt by a naga sharpshooter

Skill      XL: |  1  2  3  4  5  6  7  8  9 10 11 12 13 14 15 16 |
---------------+-------------------------------------------------+-----
Axes           | 4 5 6 8 9 10 11 13 15 16 17 18 19 20 21 | 21.6
Fighting       | 4 7 9 11 13 14 15 17 18 19 20 | 20.4
Armour         | 7 10 12 13 | 13.2
Dodging        | 6 9 11 | 11.3

Action                   |  1- 3 |  4- 6 |  7- 9 | 10-12 | 13-15 | 16-18 || total
-------------------------+-------+-------+-------+-------+-------+-------++-------
Melee: Hand axe          |    55 |    68 |       |       |       |       ||   123
       Headbutt          |     7 |    15 |    29 |   103 |   155 |    53 ||   362
       War axe           |       |     9 |   125 |   163 |       |       ||   297
       Battleaxe         |       |       |       |   191 |   715 |   184 ||  1090
       Executioner's axe |       |       |       |       |       |    15 ||    15
Invok: Berserk           |     2 |     4 |     4 |    18 |    22 |     7 ||    57
       Trog's Hand       |       |       |       |     3 |    11 |     8 ||    22
       Burn Spellbooks   |       |       |       |     2 |     3 |       ||     5
       Brothers in Arms  |       |       |       |     1 |     9 |     2 ||    12
Evoke: Wand              |       |       |       |       |       |     1 ||     1
  Use: Scroll            |       |       |     3 |    15 |    16 |     4 ||    38
       Potion            |       |       |       |       |     6 |     2 ||     8
 Stab: Sleeping          |     1 |       |       |       |       |       ||     1
       Distracted        |       |       |       |       |     1 |       ||     1
       Invisible         |       |       |       |       |     1 |       ||     1
  Eat: Chunk             |       |     9 |     1 |    27 |    34 |     1 ||    72
       Bread ration      |       |       |     3 |       |       |       ||     3
       Meat ration       |       |       |       |     3 |     7 |     4 ||    14
       Fruit             |       |       |       |     1 |       |       ||     1
Armor: Animal skin       |    10 |     1 |       |       |       |       ||    11
       Plate armour      |       |    38 |    76 |   236 |   243 |       ||   593
       Swamp dragon scal |       |       |       |       |   211 |    76 ||   287
Dodge: Dodged            |    32 |    41 |    40 |   161 |   480 |   147 ||   901
